 Dungeon Crawl Stone Soup version 0.21-a0-471-gd587bd5 (webtiles) character file.

189 kae the Digger (level 5, 0/28 HPs)
             Began as a Gargoyle Earth Elementalist on Nov 21, 2017.
             Slain by an orc
             ... wielding a +0 whip of freezing
              (1 damage)
             ... on level 3 of the Dungeon.
             The game lasted 00:03:41 (3154 turns).

kae the Digger (Gargoyle Earth Elementalist)        Turns: 3154, Time: 00:03:42

Health: 0/28       AC:  7    Str: 12    XL:     5   Next: 68%
Magic:  11/11      EV: 12    Int: 16    God:
Gold:   142        SH:  0    Dex: 10    Spells: 8/12 levels left

rFire    . . .     SeeInvis .   w - +2 short sword (speed)
rCold    . . .     Gourm    .   (no shield)
rNeg     + . .     Faith    .   c - +0 robe
rPois    ∞         Spirit   .   (no helmet)
rElec    +         Reflect  .   (no cloak)
rCorr    .         Harm     .   (no gloves)
MR       .....                  j - +0 pair of boots
Stlth    ++........             (no amulet)
HPRegen  0.09/turn              (no ring)
MPRegen  0.12/turn              (no ring)

@: no status effects
A: negative energy resistance 1, electricity resistance, unbreathing,
petrification resistance, rot immunity, AC +4
a: no special abilities


You were on level 3 of the Dungeon.
You were not hungry.

You visited 1 branch of the dungeon, and saw 3 of its levels.

You collected 142 gold pieces.

Inventory:

Hand Weapons
 i - a +0 dagger
 w - a +2 short sword of speed (weapon)
Missiles
 b - 129 stones (quivered)
Armour
 c - a +0 robe (worn)
 j - a +0 pair of boots (worn)
Scrolls
 g - a scroll of fear {unknown}
 k - a scroll of random uselessness {unknown}
 l - a scroll of enchant weapon {unknown}
 m - a scroll of teleportation {unknown}
 n - 3 scrolls of enchant armour {unknown}
 o - 3 scrolls of remove curse
 q - 2 scrolls of identify {unknown}
 r - a scroll of noise {unknown}
 t - a scroll of fog {unknown}
 u - a scroll of blinking {unknown}
Potions
 h - a potion of lignification {unknown}
 s - a potion of heal wounds {unknown}
 v - 2 potions of curing {unknown}
 x - a potion of haste {unknown}
Books
 e - a book of Geomancy

   Spells                             Type                      Level
   a - Sandblast                      Earth                        1
   b - Passwall                       Transmutation/Earth          2
   c - Stone Arrow                    Conjuration/Earth            3
   d - Petrify                        Transmutation/Earth          4
   e - Lee's Rapid Deconstruction     Earth                        5
Comestibles
 a - 2 meat rations
 d - a bread ration
 f - a royal jelly
 z - a chunk of flesh


   Skills:
 - Level 1.5 Dodging
 - Level 2.1 Stealth
 + Level 4.0 Spellcasting
   Level 0.7 Transmutations
 + Level 5.8 Earth Magic


You had 8 spell levels left.
You knew the following spells:

 Your Spells              Type           Power        Failure   Level  Hunger
a - Sandblast             Erth           ###...       1%          1    None
b - Stone Arrow           Conj/Erth      ##....       16%         3    ###....


Dungeon Overview and Level Annotations

Branches:
Dungeon (3/15)

Altars:
Beogh

Annotations:
D:3 Sigmund


Innate Abilities, Weirdness & Mutations

You are resistant to torment.
Your stone body is resilient. (AC +4)
You are immune to poison.
You resist negative energy. (rN+)
You are resistant to electric shocks. (rElec)
You can survive without breathing.
You are immune to petrification.
You are immune to rotting.


Message History

The orc priest calls down the wrath of Beogh upon you.
Beogh smites you!
Casting: Sandblast
Confirm with . or Enter, or press ? or * to list all spells.
Aiming: Sandblast
Press: ? - help, Shift-Dir - straight line, f/p - orc priest
Aim: an orc priest, wielding a short sword and wearing a ring mail (lightly wounded)
The blast of sand hits the orc priest.
The orc priest is moderately wounded.
b - 129 stones The orc hits you with a hand axe.
* * * LOW HITPOINT WARNING * * *
The orc barely misses you. The orc priest misses you.
It was a potion of magic.
Magic courses through your body. The orc hits you with a hand axe.
* * * LOW HITPOINT WARNING * * *
The orc hits you with a whip of freezing.
* * * LOW HITPOINT WARNING * * *
The orc freezes you.
You die...

#.PP≈≈♣≈♣PP..#..<..#....#.
#.≈PP≈♣≈♣≈PP.......#....#.
#.#PPPP≈♣≈♣≈.PP≈≈####.....
#.##..(≈≈≈♣♣≈≈≈≈.P.....#..
#........PPP≈P♣≈≈.######.#
##.....P.P..P.≈.#.......
#.........######.####.#
#[)..o...## #.####.#
#(##.o@.## #.......
#o..##o..# ########
#$8.8.#...# #$.o$$#...#
#$8o8.##### ##._.## #####


You could see an orc priest and 2 orcs.

Vanquished Creatures
  2 orc wizards (D:3)
  Jessica (D:3)
  Terence (D:3)
  A worker ant (D:3)
  An ooze (D:3)
  A worm (D:3)
  A dart slug (D:2)
  2 leopard geckos (D:3)
  3 orcs (D:3)
  A giant cockroach (D:1)
  5 goblins
  6 hobgoblins
  A quokka (D:2)
  9 bats
  6 frilled lizards
  4 kobolds
  4 rats
49 creatures vanquished.

Notes
Turn   | Place    | Note
-------+----------+-------------------------------------------
     0 | D:1      | kae the Gargoyle Earth Elementalist began the quest for the Orb.
     0 | D:1      | Reached XP level 1. HP: 10/10 MP: 3/3
   328 | D:1      | Reached XP level 2. HP: 15/15 MP: 5/5
   335 | D:1      | Reached skill level 4 in Earth Magic
  1322 | D:2      | Reached XP level 3. HP: 12/19 MP: 3/6
  1433 | D:2      | Learned a level 3 spell: Stone Arrow
  1996 | D:3      | Noticed Sigmund
  2280 | D:3      | Reached XP level 4. HP: 19/24 MP: 4/8
  2493 | D:3      | Noticed Terence
  2523 | D:3      | Killed Terence
  2523 | D:3      | Reached skill level 5 in Earth Magic
  2601 | D:3      | Noticed Jessica
  2633 | D:3      | Killed Jessica
  2633 | D:3      | Reached XP level 5. HP: 21/28 MP: 4/10
  3133 | D:3      | Found a roughly hewn altar of Beogh.
  3154 | D:3      | HP: 1/28 [orc/whip of freezing (1)]
  3154 | D:3      | Slain by an orc

Vault maps used:
D:1:      dpeg_arrival_water_temple_mockup, minmay_domino_4
D:3:      serial_bayou, serial_bayou_crossing, serial_bayou_pond_a,
          serial_bayou_lagoon_a, serial_bayou_pond_d, minmay_crystal_room,
          kennysheep_orc_chapel, uniq_sigmund, uniq_terence, uniq_jessica

Skill      XL: |  1  2  3  4  5 |
---------------+----------------+-----
Earth Magic    | 4 5 |  5.8
Spellcasting   | 3 4 |  4.0
Dodging        | |  1.5
Stealth        | |  2.1
Transmutations | |  0.7

Action                   |  1- 3 |  4- 6 || total
-------------------------+-------+-------++-------
Melee: Unarmed           |    22 |       ||    22
       Whip              |    15 |       ||    15
       Dagger            |   121 |    49 ||   170
       Short sword       |       |     5 ||     5
 Cast: Sandblast         |    13 |    23 ||    36
       Stone Arrow       |       |     8 ||     8
  Use: Scroll            |     1 |       ||     1
       Potion            |       |     1 ||     1
 Stab: Sleeping          |     5 |     2 ||     7
  Eat: Chunk             |     5 |     3 ||     8
Armor: Robe              |    53 |    14 ||    67
Dodge: Dodged            |    95 |    52 ||   147

Table legend:
 A = Spawn XP
 B = Non-spawn XP
 C = Spawn XP percentage of total XP
 D = Spawn monster count
 E = Non-spawn monster count
 F = Spawn count percentage of total count
 G = Total turns spent on level
                    A         B        C        D         E        F      G
               +---------+---------+-------+---------+---------+-------+---------
         Total |       0 |     271 |   0.0 |       0 |      49 |   0.0 |  3154
               +---------+---------+-------+---------+---------+-------+---------
           D:1 |       0 |      22 |   0.0 |       0 |      14 |   0.0 |   943
           D:2 |       0 |      21 |   0.0 |       0 |      12 |   0.0 |  1124
           D:3 |       0 |     228 |   0.0 |       0 |      23 |   0.0 |  1087
               +---------+---------+-------+---------+---------+-------+---------
